 Dungeon Crawl Stone Soup version 0.29-a0-791-ga0f254aafb (webtiles) character file.

Game seed: 10277101188504171143

17005 Ajdolov the Marksghoul (level 12, -10/90 HPs)
             Began as a Ghoul Hunter on July 3, 2022.
             Was an Elder of Hepliaklqana.
             Mangled by a cane toad (18 damage)
             ... on level 3 of the Lair of Beasts.
             The game lasted 00:29:24 (15172 turns).

Ajdolov the Marksghoul (Ghoul Hunter)              Turns: 15172, Time: 00:29:25

Health: -10/90     AC:  7    Str: 16    XL:     12   Next: 43%
Magic:  11/17      EV: 17    Int:  4    God:    Hepliaklqana [****..]
Gold:   795        SH:  0    Dex: 16    Spells: 11/11 levels left

rFire   . . .      SeeInvis .   B - +0 shortbow
rCold   + + .      Faith    .   (shield currently unavailable)
rNeg    + + +      Spirit   .   y - +0 troll leather armour
rPois   ∞          Reflect  .   H - +2 helmet
rElec   .          Harm     .   (no cloak)
rCorr   .          Rampage  .   (no gloves)
Will    .....                   (no boots)
Stlth   ++........              w - amulet of regeneration
HPRegen 0.00/turn               n - ring of protection from cold
MPRegen 0.15/turn               u - +4 ring of evasion

@: spiked, inhibited regen
A: reduced essence, claws 1, cold resistance 1, negative energy resistance 3,
inhibited regeneration, torment resistance 2, devour on kill
a: Renounce Religion, Recall Ancestor, Ancestor Identity, Transference, Idealise


You were on level 3 of the Lair of Beasts.
You worshipped Hepliaklqana.
Hepliaklqana was greatly pleased with you.
You visited 3 branches of the dungeon, and saw 14 of its levels.

You collected 795 gold pieces.

Inventory:

Hand Weapons
 B - a +0 shortbow (weapon)
Armour
 y - a +0 troll leather armour (worn)
 H - a +2 helmet (worn)
Jewellery
 n - a ring of protection from cold (left claw)
 u - a +4 ring of evasion (right claw)
 w - an amulet of regeneration (around neck)
Wands
 t - a wand of flame (11)
 C - a wand of iceblast (5)
Scrolls
 a - a scroll of torment
 b - 2 scrolls of immolation
 d - 7 scrolls of teleportation
 g - 5 scrolls of fear
 k - a scroll of enchant armour
 m - 2 scrolls of enchant weapon
 o - 2 scrolls of fog
 p - 3 scrolls of magic mapping
 s - a scroll of vulnerability {unknown}
 x - 2 scrolls of brand weapon
 z - 3 scrolls of noise
 E - a scroll of amnesia
 F - a scroll of identify
Potions
 c - 5 potions of might
 e - 5 potions of brilliance
 f - 4 potions of heal wounds
 h - 3 potions of haste
 i - 2 potions of flight
 j - 2 potions of magic
 l - a potion of resistance {unknown}
 q - 2 potions of lignification {unknown}
 r - 10 potions of curing
 v - a potion of invisibility
 A - a potion of mutation
 D - 2 potions of attraction {unknown}
 G - a potion of berserk rage {unknown}


   Skills:
 - Level 7.0 Fighting
 - Level 16.0 Ranged Weapons
 + Level 3.9 Dodging
 - Level 1.1 Stealth
 * Level 8.0 Invocations


You had 11 spell levels left.
You didn't know any spells.
Your spell library contained the following spells:

 Spells                   Type           Power      Damage    Failure   Level
 Static Discharge         Conj/Air       0%         3-3/arc   71%         2
 Airstrike                Air            0%         0-1+      100%        4
 Summon Lightning Spire   Summ/Air       0%         N/A       100%        4
 Lightning Bolt           Conj/Air       0%         1d11      100%        5
 Malign Gateway           Summ/Tloc      0%         N/A       100%        7
 Maxwell's Capacitive Co  Air            0%         ∞         100%        8
 Summon Horrible Things   Summ           0%         N/A       100%        8


Dungeon Overview and Level Annotations

Branches:
Dungeon (10/15)            Temple (1/1) D:4            Lair (3/6) D:9
    Orc (0/2) D:9
  Swamp: Lair:2-4    Shoals: Lair:2-4     Snake: Lair:2-4    Spider: Lair:2-4

Altars:
Ashenzari
Cheibriados
Dithmenos
Fedhas
Gozag
Hepliaklqana
Kikubaaqudgha
Makhleb
Nemelex Xobeh
Okawaru
Qazlal
Ru
Sif Muna
Trog
Uskayaw
Vehumet
Wu Jian
Xom
Yredelemnul

Shops:
D:1 (

Annotations:
D:2 Sigmund
D:7 2 transporters, 12 exclusions, SkaryMonk's ghost, novice OpTm


Innate Abilities, Weirdness & Mutations

Your life essence is reduced to manifest your ancestor. (-10% HP)
You are immune to poison.
You have sharp fingernails.
Your flesh is cold resistant. (rC+)
You are immune to negative energy. (rN+++)
You do not regenerate when monsters are visible.
You are immune to unholy pain and torment.
You thrive by killing the living.


Message History

The arrow hits the plant.
The plant begins to die.
The plant is lightly damaged.
You shoot an arrow. The arrow barely misses the manticore.
The arrow hits the plant.
The plant is lightly damaged. Æðelind closely misses the manticore.
The manticore flicks its tail.
The volley of spikes hits you!!
The barbed spikes become lodged in your body. Æðelind is recalled.
The manticore flicks its tail.
The volley of spikes hits you!
The barbed spikes become lodged in your body.
Hepliaklqana grants Æðelind healing and protection!
You can no longer drain nearby creatures when transferring your ancestor.
The manticore flicks its tail.
The volley of spikes hits you!
The barbed spikes become lodged in your body.
Unknown command.
What are your orders? t - Shout!
Orders for allies: a - Attack new target. p - Attack previous target. r - Retreat! s - Stop attacking. g - Guard the area. f - Follow me.
Anything else - Cancel.
Gang up on whom?
Press: ? - help, Dir - move target, f - cane toad, p - manticore
Aim: a cane toad Attack!
A nearby plant withers and dies.
The cane toad stings you!
Aiming: Iceblast
Press: ? - help, Shift-Dir - straight line, p - cane toad The mass of ice explodes!
The iceblast engulfs the cane toad!!
The cane toad is heavily wounded.
The iceblast engulfs the manticore!
The manticore is moderately wounded.
The cane toad stings you!!
* * * LOW HITPOINT WARNING * * *
Æðelind hits the cane toad with a +0 flail!!
The cane toad stings you!!
You die...

...........#
P....#..........###
........P.......#.#
...........#.#†...#
........#.#####..##
......H.).# #.##
..........# ##.#
.........F...# #..#
...........@#.# ##.##
.......#.##RF.># ##†.#
...............####..##
...........>...P#....###
........................#
........................##
.......................##
..........(....#.###...##
..............#.....P...#


You could see the friendly Æðelind the knight (idealised), a manticore and 2
cane toads.

Vanquished Creatures
  Erolcha (D:9)
  Joseph (D:7)
  3 cane toads (Lair:1)
  3 komodo dragons
  2 trolls
  Prince Ribbit (D:7)
  A polar bear (D:8)
  19 yaks
  A shadow (D:7)
  3 wyverns
  A basilisk (Lair:2)
  Menkaure (D:5)
  4 water moccasins
  2 orc warriors
  2 black bears
  3 ogres
  2 centaurs
  2 kobold brigands
  5 bullfrogs
  A scorpion (D:6)
  10 wights
  A hornet simulacrum (D:8)
  6 killer bees
  3 electric eels
  A howler monkey (D:4)
  A jelly (D:8)
  3 hounds
  7 orc priests
  4 iguanas
  3 orc wizards
  A centaur simulacrum (D:8)
  Robin (D:2)
  4 adders
  A shadow imp (D:8)
  A white imp (D:8)
  2 ufetubi (D:6)
  A worm (D:2)
  2 dart slugs
  33 orcs
  7 ball pythons
  6 bats
  3 endoplasms
  4 giant cockroaches
  13 goblins
  9 hobgoblins
  6 quokkas
  3 frilled lizards
  11 kobolds
  5 rats
210 creatures vanquished.

Vanquished Creatures (collateral kills)
  Amaemon (Lair:1)
  2 cane toads (Lair:1)
  An orange demon (Lair:1)
  An unseen horror (D:10)
  A komodo dragon (Lair:2)
  3 trolls
  13 yaks
  2 basilisks
  2 acid dragons (D:10)
  2 water moccasins
  3 ice beasts
  2 orc warriors (D:8)
  A black bear (Lair:2)
  A phantom (D:7)
  2 bullfrogs
  A scorpion (D:7)
  2 wights
  8 killer bees
  2 orc priests
  6 orc wizards
  An adder (D:6)
  3 white imps (D:8)
  2 ufetubi (D:8)
  11 orcs
  5 kobolds
  A butterfly (Lair:2)
79 creatures vanquished.

Vanquished Creatures (others)
  3 knights
  7 ancestors
  7 fungi
  10 plants
27 creatures vanquished.

Grand Total: 316 creatures vanquished

Notes
Turn   | Place    | Note
-------+----------+-------------------------------------------
     0 | D:1      | Ajdolov the Ghoul Hunter began the quest for the Orb.
     0 | D:1      | Reached XP level 1. HP: 17/17 MP: 0/0
   118 | D:1      | Found a faded altar of an unknown god.
   226 | D:1      | Reached XP level 2. HP: 25/25 MP: 1/1
   229 | D:1      | Found Wecaunn's Antique Weapon Shoppe.
   267 | D:1      | Reached skill level 4 in Ranged Weapons
   736 | D:2      | Reached XP level 3. HP: 27/30 MP: 2/2
   824 | D:2      | Noticed Sigmund
   959 | D:2      | Noticed Robin
   977 | D:2      | Killed Robin
  1488 | D:2      | Reached XP level 4. HP: 38/38 MP: 3/3
  1775 | D:3      | You fall into a shaft and drop 3 floors!
  1779 | D:6      | Noticed an ice beast
  1791 | D:5      | Entered Level 5 of the Dungeon
  2020 | D:4      | Reached skill level 5 in Ranged Weapons
  2020 | D:4      | Reached XP level 5. HP: 45/45 MP: 4/4
  2356 | D:4      | Found a staircase to the Ecumenical Temple.
  2372 | Temple   | Entered the Ecumenical Temple
  2624 | Temple   | Became a worshipper of Hepliaklqana the Forgotten
  2849 | D:4      | Noticed an ogre
  3126 | D:3      | Found a basalt altar of Yredelemnul.
  3605 | D:4      | Reached skill level 6 in Ranged Weapons
  3605 | D:4      | Reached XP level 6. HP: 47/51 MP: 5/5
  5637 | D:5      | Reached XP level 7. HP: 28/60 MP: 6/6
  5846 | D:5      | Noticed Menkaure
  5870 | D:4      | Reached skill level 7 in Ranged Weapons
  5876 | D:5      | Killed Menkaure
  5940 | D:5      | HP: 3/60 [black bear (1)]
  5940 | D:5      | HP: 1/60 [quokka (2)]
  5942 | D:5      | Reached skill level 5 in Fighting
  6220 | D:5      | Reached * piety under Hepliaklqana
  6356 | D:5      | Reached skill level 8 in Ranged Weapons
  6356 | D:5      | Reached XP level 8. HP: 37/61 MP: 7/7
  7073 | D:6      | Reached skill level 9 in Ranged Weapons
  7847 | D:7      | Noticed a shadow
  8359 | D:7      | Killed a shadow
  8360 | D:7      | Reached skill level 10 in Ranged Weapons
  8360 | D:7      | Reached XP level 9. HP: 18/66 MP: 8/8
  8528 | D:7      | Noticed a troll
  8564 | D:7      | Killed a troll
  8622 | D:7      | Found a blossoming altar of Fedhas.
  8687 | D:7      | Reached ** piety under Hepliaklqana
  8688 | D:7      | Remembered your ancestor Æðelind as a knight
  8712 | D:7      | Reached skill level 11 in Ranged Weapons
  8746 | D:7      | Found a transporter.
  8746 | D:7      | Noticed SkaryMonk's ghost (novice OpTm)
  8749 | D:7      | Noticed a moth of wrath
  8784 | D:7      | Found a transporter.
  8787 | D:7      | Found a bloodstained altar of Trog.
  8814 | D:7      | Noticed Joseph
  9244 | D:7      | Noticed Prince Ribbit
  9310 | D:7      | Killed Joseph
  9370 | D:7      | Killed Prince Ribbit
  9371 | D:7      | Reached skill level 1 in Invocations
  9504 | D:7      | Reached skill level 12 in Ranged Weapons
 10048 | D:8      | Reached XP level 10. HP: 66/72 MP: 11/11
 10998 | D:9      | Found a staircase to the Lair.
 11016 | D:9      | Reached skill level 13 in Ranged Weapons
 11016 | D:9      | Found a staircase to the Orcish Mines.
 11054 | D:9      | Reached skill level 5 in Invocations
 11194 | D:9      | Noticed Erolcha
 11209 | D:9      | Killed Erolcha
 11295 | D:9      | Reached XP level 11. HP: 77/77 MP: 14/14
 11397 | D:9      | Reached skill level 14 in Ranged Weapons
 11441 | D:9      | Reached *** piety under Hepliaklqana
 12006 | D:10     | Entered Level 10 of the Dungeon
 12795 | Lair:1   | Entered Level 1 of the Lair of Beasts
 12829 | Lair:1   | Reached skill level 15 in Ranged Weapons
 12844 | Lair:1   | Noticed Amaemon
 12886 | Lair:1   | Killed Amaemon
 13299 | Lair:1   | Reached skill level 16 in Ranged Weapons
 13471 | Lair:1   | Reached XP level 12. HP: 66/84 MP: 15/15
 13511 | Lair:1   | Reached **** piety under Hepliaklqana
 14209 | Lair:2   | Identified the +2 scale mail of Varghyuck {Dex+4}
 14649 | Lair:2   | Identified the +1 leather armour of Magic {Harm rCorr
                  | Dex+4}
 15149 | Lair:3   | Reached ***** piety under Hepliaklqana
 15172 | Lair:3   | Mangled by a cane toad

Illustrated notes

Levels and vault maps discovered:
D:1:      dpeg_arrival_rooms_a, layout_rooms, basic_ecumenical_altar,
          serial_shops, nicolae_shop_trees
D:2:      layout_basic, uniq_robin, uniq_sigmund
D:3:      layout_basic, general_overflow_altar
D:4:      layout_gridville, minmay_temple_entry_enclosed_plants,
          chequers_serial_rivers_room_a, grunt_ministairs_14
D:5:      layout_rooms, uniq_menkaure
D:6:      layout_loops_cross
D:7:      layout_loops_corners, fedhas_altar_2,
          gammafunk_ghost_wrathful_warriors, uniq_joseph, uniq_prince_ribbit1
D:8:      layout_rooms, serial_ice, serial_ice_m, serial_ice_k, serial_ice_f,
          serial_ice_n
D:9:      layout_loops_corners, dpeg_oklobed_lair, orc_0_dummy, uniq_erolcha
D:10:     layout_long_grid, minmay_misc_feat_more_columns
Temple:   mainiacjoe_temple_cubbyholes
Lair:1:   layout_layer_cave, nicolae_lair_lil_pond, minivault_25,
          grunt_megastairs_4, serial_bayou_shore_a, uniq_amaemon
Lair:2:   layout_regular_city, lemuel_fruit_fields
Lair:3:   layout_chaotic_city, minmay_shoals_entry_beasts,
          guppyfry_snake_entry_garden, beast_lair_carwin_11

Skill      XL: |  1  2  3  4  5  6  7  8  9 10 11 12 |
---------------+-------------------------------------+-----
Ranged Weapons | 4 5 6 8 10 12 13 16 | 16.0
Fighting       | 3 4 5 7 |  7.0
Invocations    | 3 6 8 |  8.0
Dodging        | 2 3 |  3.9
Stealth        | |  1.1

Action                   |  1- 3 |  4- 6 |  7- 9 | 10-12 || total
-------------------------+-------+-------+-------+-------++-------
Melee: Shortbow          |       |       |       |     3 ||     3
 Fire: Shortbow          |   109 |   202 |   296 |   663 ||  1270
Throw: Dart              |       |       |       |     1 ||     1
Invok: Recall Ancestor   |       |       |     3 |     6 ||     9
       Ancestor Life: Kn |       |       |     1 |       ||     1
       Idealise          |       |       |       |     1 ||     1
Evoke: Wand              |       |     2 |     6 |     4 ||    12
  Use: Scroll            |       |     6 |     5 |     8 ||    19
       Potion            |       |       |     1 |     1 ||     2
Armor: Leather armour    |     3 |    49 |    10 |       ||    62
       Troll leather arm |       |       |     3 |    20 ||    23
Dodge: Dodged            |    14 |   106 |    79 |    63 ||   262

Table legend: (Time is in decaauts)
 A = Elapsed time spent in this place.
 B = Non-inter-level travel time spent in this place.
 C = Inter-level travel time spent in this place.
 D = Time resting spent in this place.
 E = Time spent auto-exploring this place.
 F = Levels seen in this place.
 G = Mean time per level.
                   A        B        C        D        E       F      G
               +--------+--------+--------+--------+--------+-----+--------+
         Total |  15160 |  14246 |    914 |   3468 |   7939 |  14 | 1082.9 |
       Dungeon |  12477 |  11710 |    767 |   3401 |   5947 |  10 | 1247.7 |
        Temple |    395 |    317 |     78 |      0 |    313 |   1 |  395.0 |
          Lair |   2287 |   2218 |     69 |     67 |   1678 |   3 |  762.3 |
               +--------+--------+--------+--------+--------+-----+--------+

Top non-repeatable levels by time:
     D:4: 3121 daAuts
     D:6: 1555 daAuts
     D:7: 1495 daAuts
  Lair:1: 1324 daAuts
     D:5: 1154 daAuts
     D:9: 1048 daAuts
     D:3: 987 daAuts
  Lair:2: 819 daAuts
     D:2: 804 daAuts
     D:8: 786 daAuts
     D:1: 771 daAuts
    D:10: 754 daAuts
  Temple: 395 daAuts
  Lair:3: 142 daAuts
